 Dungeon Crawl Stone Soup version 0.20-a0-350-ga83eecc (webtiles) character file.

836 hairmachine the Ruffian (level 7, -6/57 HPs)
             Began as a Naga Transmuter on Dec 23, 2016.
             Was a Follower of Cheibriados.
             Mangled by an ogre
             ... wielding a +0 giant club
              (9 damage)
             ... on level 4 of the Dungeon on Dec 24, 2016.
             The game lasted 00:45:17 (6948 turns).

hairmachine the Ruffian (Naga Transmuter)           Turns: 6948, Time: 00:45:20

Health: -6/57      AC:  2    Str: 16    XL:     7   Next: 99%
Magic:  7/11       EV: 19    Int: 18    God:    Cheibriados [*.....]
Gold:   175        SH:  0    Dex: 19    Spells: 6/12 levels left

rFire  . . .     SeeInvis +       - Unarmed
rCold  . . .     Gourm    .     (armour currently unavailable)
rNeg   . . .     Faith    .     (shield currently unavailable)
rPois  x         Spirit   .     (helmet currently unavailable)
rElec  .         Reflect  .     (cloak currently unavailable)
rCorr  .         Harm     .     (gloves currently unavailable)
MR     .....                    (no barding)
Stlth  ++........               (no amulet)
                                (no ring)
                                (no ring)

@: spider-form, very slow
A: see invisible, (deformed body), (poison resistance), (slowness 0), slow
metabolism 1, spit poison 1, AC +2
a: Spit Poison, End Transformation, Bend Time, Renounce Religion


You were on level 4 of the Dungeon.
You worshipped Cheibriados.
Cheibriados was aware of your devotion.
You were hungry.
You were a venomous arachnid creature.
You visited 2 branches of the dungeon, and saw 6 of its levels.

You collected 175 gold pieces.


Innate Abilities, Weirdness & Mutations

You cannot wear boots.
((Your serpentine skin is tough. (AC +2)))
You have supernaturally acute eyesight. (SInv)
((Armour fits poorly on your strangely shaped body.))
((Your system is resistant to poisons. (rPois)))
((You cover ground very slowly.))
You have a slow metabolism.
You can spit poison.


   Skills:
 - Level 1.0 Fighting
 - Level 1.5 Dodging
 + Level 6.0 Unarmed Combat
 + Level 3.1 Spellcasting
 * Level 6.0 Transmutations
 - Level 3.1 Poison Magic


You had 6 spell levels left.
You knew the following spells:

 Your Spells              Type           Power        Failure   Level  Hunger
a - Beastly Appendage     Tmut           ###...       6%          1    None
b - Sticks to Snakes      Tmut           ###.....     8%          2    ##.....
c - Spider Form           Tmut/Pois      ###.......   24%         3    ###....

Inventory:

Hand Weapons
 g - a +0 blowgun
   (You took it off a kobold on level 3 of the Dungeon)
Missiles
 a - 36 arrows
 f - 42 stones (quivered)
 x - 3 poisoned needles
Armour
 b - a +0 robe (melded)
 m - a +0 helmet
   (You found it on level 4 of the Dungeon)
Jewellery
 D - an uncursed ring of positive energy {unknown}
   (You took it off a goblin on level 3 of the Dungeon)
Wands
 A - a wand of polymorph (3/24)
   (You found it on level 3 of the Dungeon)
Scrolls
 e - 2 scrolls of teleportation {!r, unknown}
 n - 2 scrolls of immolation {!r}
 o - a scroll of fear {!r, unknown}
 q - 2 scrolls of identify {!r}
 w - 2 scrolls of magic mapping {!r, unknown}
 y - a scroll of fog {!r, unknown}
 z - 2 scrolls of amnesia {!r, unknown}
 B - a scroll of enchant armour {!r, unknown}
 G - a scroll of blinking {!r, unknown}
Potions
 h - 2 potions of curing {!q, unknown}
 i - 3 potions of cure mutation {!q}
 j - a potion of mutation {!q, unknown}
 r - a potion of resistance {!q, unknown}
 t - 3 potions of lignification {!q, unknown}
 u - a potion of invisibility {!q, unknown}
 v - 2 potions of magic {!q, unknown}
 C - a potion of berserk rage {!q, unknown}
 E - a potion of might {!q, unknown}
 F - a potion of brilliance {!q, unknown}
Books
 c - a book of Changes

   Spells                             Type                      Level
   a - Beastly Appendage              Transmutation                1
   b - Sticks to Snakes               Transmutation                2
   c - Spider Form                    Transmutation/Poison         3
   d - Ice Form                       Ice/Transmutation            4
   e - Blade Hands                    Transmutation                5
Comestibles
 d - 2 bread rations
 k - 3 fruits
 l - a beef jerky
 p - 4 meat rations
 s - a royal jelly

Dungeon Overview and Level Annotations

Branches:
Dungeon (5/15)             Temple (1/1) D:4

Altars:
Cheibriados
Dithmenos
Elyvilon
Kikubaaqudgha
Makhleb
Sif Muna
Trog
Xom
Zin
The Shining One

Annotations:
D:2 exclusion: downstairs
D:3 exclusion: 3 downstairs
D:4 exclusion: downstairs, anet's ghost, amateur DEWz

...######.##.........##....#
##........##....sO...#####'###
#.#########...........#.....# ##
##.## ##.........#.#.#.#.###.
#...# ##..........#.'.._..'...
#...# ##...........#.#.#.#.###.
#...# #.....>......#.#.....###.
#...#####..........#...###'###...
......[.#.......##.#.....#.##.##.
........(..)....##.......#.......
........###...#...##.....####.###
#...#.### #####...##.>...##......
#...#.# #...#########.#.###
#...#.# ##.## #.#.### #...#.# #.#
#.#..## ......# #.# #.##.##
.#.#.## #.# #.##.##


You could see an ogre.


Message History

You barely miss the megabat. Your headbutt misses the megabat.
The megabat is severely wounded.
The megabat closely misses you. x2
You hit the megabat. You punch the megabat.
You kill the megabat!
Things that are here:
a flail; a ring mail Unknown command.
The centaur shouts!
The centaur wields an uncursed shortbow.
The centaur shoots an arrow.
The arrow hits you.
The centaur shoots an arrow.
The arrow hits you!
You see here 2 arrows.
Huge Dmg: -26%(-15hp) hp: 74%(42hp)
The centaur shoots an arrow.
The arrow hits you.
* * * LOW HITPOINT WARNING * * *
The centaur shoots an arrow.
The arrow hits you but does no damage.
You see here 2 arrows.
Damage: -9%(-5hp) hp: 65%(37hp)
Your transformation is almost over.
The centaur shoots an arrow.
The arrow hits you!
* * * LOW HITPOINT WARNING * * *
You see here an arrow.
Huge Dmg: -17%(-10hp) hp: 48%(27hp) Really read
n - 3 scrolls labeled RESIDGH LEUTZ {!r}?
As you read the scroll labeled RESIDGH LEUTZ {!r}, it crumbles to dust.
The creatures around you are filled with an inner flame!
It was a scroll of immolation {!r}.
Okay, then.
Unknown command.
Casting: Beastly Appendage
Confirm with . or Enter, or press ? or * to list all spells.
Your horns disappear.
You turn into a venomous arachnid creature.
Your +0 robe melds into your body.
The ogre misses you.
You bite the ogre!
The ogre is poisoned.
The ogre is moderately wounded.
The ogre misses you.
The centaur unwields an uncursed shortbow.
The centaur completely misses you.
You hit the centaur.
The centaur is poisoned.
The centaur is lightly wounded.
The centaur hits you but does no damage.
The centaur closely misses you.
Things that are here:
a flail; a ring mail The centaur completely misses you.
The centaur misses you.
The centaur hits you but does no damage.
The centaur completely misses you. The centaur misses you.
There is a stone staircase leading up here.
The centaur closely misses you. The ogre closely misses you.
You climb upwards.
Level annotation: exclusion: downstairs, anet's ghost, amateur DEWz
There is a stone staircase leading down here.
Your transformation is almost over.
The ogre looks more healthy.
The centaur barely misses you. The centaur closely misses you.
The centaur misses you. The centaur completely misses you.
The centaur hits you but does no damage.
The ogre barely misses you. The centaur barely misses you.
The centaur hits you.
* * * LOW HITPOINT WARNING * * *
Damage: -9%(-5hp) hp: 48%(27hp)
The centaur closely misses you. The ogre misses you.
Your transformation has ended.
Your +0 robe unmelds from your body.
The centaur's inner flame fades away.
The centaur looks more healthy.
The centaur closely misses you.
Casting: Spider Form
Confirm with . or Enter, or press ? or * to list all spells.
You turn into a venomous arachnid creature.
Your +0 robe melds into your body.
The centaur closely misses you. The centaur misses you.
You bite the centaur!
You kill the centaur!
Your Unarmed Combat skill increases to level 6!
Your Spellcasting skill increases to level 3!
Your Transmutations skill increases to level 6!
The ogre's inner flame fades away.
Your transformation is almost over.
You hit the ogre.
The ogre is poisoned.
The ogre is severely wounded.
The ogre barely misses you. The ogre barely misses you.
Your transformation has ended.
Your +0 robe unmelds from your body.
The ogre hits you with a giant club!
* * * LOW HITPOINT WARNING * * *
Huge Dmg: -19%(-11hp) hp: 32%(18hp)
The ogre hits you with a giant club!
* * * LOW HITPOINT WARNING * * *
Huge Dmg: -28%(-16hp) hp: 4%(2hp)
Okay, then.
Casting: Spider Form
Confirm with . or Enter, or press ? or * to list all spells.
You turn into a venomous arachnid creature.
Your +0 robe melds into your body.
You are feeling hungry.
The ogre hits you with a giant club!
You die...

Vault maps used:
D:1:      lemuel_arrival_behind_the_door_large, kennysheep_another_room,
          minmay_octomino_j4
D:2:      first_bread, serial_park_tiny_2, uniq_robin, uniq_iyjb
D:3:      wad_floor_pattern_untrapped, lemuel_statue_altar
D:4:      kennysheep_little_box, lemuel_doored_altar, uniq_natasha
D:5:      nicolae_qazlal_style_of_elements, nicolae_ru_sacrificial_ziggurat,
          makhleb_grotto_becter, grunt_ministairs_1, goddamned_bats
Temple:   chequers_temple_sunken

Notes
Turn   | Place    | Note
-------+----------+-------------------------------------------
     0 | D:1      | hairmachine the Naga Transmuter began the quest for the Orb.
     0 | D:1      | Reached XP level 1. HP: 18/18 MP: 3/3
   270 | D:1      | Reached XP level 2. HP: 21/25 MP: 3/5
   322 | D:1      | Learned a level 2 spell: Sticks to Snakes
  1414 | D:2      | Reached XP level 3. HP: 30/31 MP: 6/6
  1424 | D:2      | Learned a level 3 spell: Spider Form
  1499 | D:2      | Noticed Ijyb
  1515 | D:2      | Killed Ijyb
  1515 | D:2      | Reached skill level 1 in Poison Magic
  1923 | D:2      | Reached XP level 4. HP: 38/38 MP: 7/7
  2232 | D:2      | Noticed Robin
  2265 | D:2      | Killed Robin
  2907 | D:3      | Reached XP level 5. HP: 30/44 MP: 4/8
  3268 | D:3      | Found a shadowy altar of Dithmenos.
  4139 | D:4      | Noticed Natasha
  4268 | D:4      | Noticed anet's ghost (amateur DEWz)
  4427 | D:4      | Reached XP level 6. HP: 47/51 MP: 6/9
  4465 | D:4      | Killed Natasha
  4655 | D:4      | Noticed a porcupine
  4655 | D:4      | a worker ant changed into a porcupine
  4657 | D:4      | Noticed a fire bat
  4657 | D:4      | a porcupine changed into a fire bat
  4668 | D:4      | Killed a fire bat
  4668 | D:4      | Reached skill level 5 in Unarmed Combat
  4819 | D:4      | Found a shadowy altar of Dithmenos.
  4940 | D:4      | Found a glowing golden altar of the Shining One.
  4987 | D:4      | Found a staircase to the Ecumenical Temple.
  4992 | Temple   | Entered the Ecumenical Temple
  5013 | Temple   | Became a worshipper of Cheibriados the Contemplative
  5054 | D:4      | Noticed Natasha
  5060 | D:4      | Killed Natasha
  5172 | D:4      | Noticed Natasha
  5175 | D:4      | Killed Natasha
  5175 | D:4      | Reached XP level 7. HP: 56/57 MP: 10/10
  5431 | D:5      | Entered Level 5 of the Dungeon
  5485 | D:5      | Reached skill level 5 in Transmutations
  5624 | D:5      | Found a burning altar of Makhleb.
  5897 | D:4      | Reached * piety under Cheibriados
  6947 | D:4      | HP: 2/57 [ogre/giant club (16)]
  6948 | D:4      | Mangled by an ogre

Vanquished Creatures
  2 fire bats
  A centaur (D:4)
  A vampire bat (D:5)
  2 orc priests
  A bullfrog skeleton (D:4)
  A centaur skeleton (D:4)
  A hound (D:3)
  4 orc wizards
  Natasha (thrice) (D:4)
  Ijyb (D:2)
  6 adders
  A shadow imp (D:5)
  A dart slug (D:2)
  3 leopard geckos
  11 orcs
  2 bat skeletons (D:5)
  3 giant cockroaches
  15 goblins
  7 hobgoblins
  11 jackals
  3 quokkas
  2 ball pythons
  10 bats
  A bat simulacrum (D:5)
  2 frilled lizards (D:2)
  2 jackal skeletons
  7 kobolds
  A quokka skeleton (D:4)
  8 rats
113 creatures vanquished.

Vanquished Creatures (collateral kills)
  An iron imp (D:5)
  Robin (D:2)
  2 worms
  2 goblins (D:2)
6 creatures vanquished.

Grand Total: 119 creatures vanquished

Action                   |  1- 3 |  4- 6 |  7- 9 || total
-------------------------+-------+-------+-------++-------
Melee: Unarmed           |    94 |   141 |    94 ||   329
       Headbutt          |     6 |     9 |     4 ||    19
       Punch             |       |       |     1 ||     1
 Fire: Blowgun           |       |    10 |       ||    10
Throw: Stone             |    18 |     7 |     1 ||    26
 Cast: Beastly Appendage |    17 |    19 |     5 ||    41
       Sticks to Snakes  |     3 |     5 |     1 ||     9
       Spider Form       |       |    10 |     8 ||    18
 Abil: Spit Poison       |     5 |    24 |     6 ||    35
Evoke: Wand              |       |     5 |       ||     5
  Use: Scroll            |       |     2 |     1 ||     3
       Potion            |       |     1 |     1 ||     2
 Stab: Sleeping          |     1 |       |       ||     1
       Distracted        |       |     1 |       ||     1
  Eat: Chunk             |     3 |    12 |     2 ||    17
       Royal jelly       |       |       |     1 ||     1
Armor: Robe              |    26 |    22 |    29 ||    77
       Skin              |       |     4 |     4 ||     8
Dodge: Dodged            |    70 |   105 |    83 ||   258

Skill      XL: |  1  2  3  4  5  6  7 |
---------------+----------------------+-----
Poison Magic   | 2 3 |  3.1
Transmutations | 3 4 6 |  6.0
Unarmed Combat | 4 5 6 |  6.0
Spellcasting   | 3 |  3.1
Fighting       | |  1.0
Dodging        | |  1.5
